 Dungeon Crawl Stone Soup version 0.28.0-43-g3370ac3207 (webtiles) character file.

Game seed: 114467724836049878

653 Ablot the Grasshopper (level 7, 0/55 (56) HPs)
             Began as a Gnoll Warper on Mar 4, 2022.
             Slain by an unseen horror (3 damage)
             ... on level 5 of the Dungeon.
             The game lasted 00:09:32 (4364 turns).

Ablot the Grasshopper (Gnoll Warper)                Turns: 4364, Time: 00:09:33

HP:   0/55 (56)     AC:  6    Str: 16    XL:     7   Next: 54%
MP:   13/15         EV: 13    Int: 12    God:
Gold: 227           SH:  5    Dex: 12    Spells: 13/17 levels left

rFire   . . .      SeeInvis .   a - +0 spear
rCold   + . .      Faith    .   (no shield)
rNeg    . . .      Spirit   .   b - +0 troll leather armour
rPois   .          Reflect  +   (no helmet)
rElec   .          Harm     .   x - +0 cloak
rCorr   .          Rampage  .   (no gloves)
Will    .....                   q - +0 pair of boots
Stlth   +++.......              m - amulet of Fun {Reflect rC+ Str+4 SH+5 Stlth+}
HPRegen 0.98/turn               (no ring)
MPRegen 0.14/turn               (no ring)

@: on blink cooldown, lightly drained
A: fangs 1, strong nose, distributed training
a: no special abilities


You were on level 5 of the Dungeon.
You visited 1 branch of the dungeon, and saw 7 of its levels.

You collected 227 gold pieces.

Inventory:

Hand Weapons
 a - a +0 spear (weapon)
 w - a +2 mace of holy wrath
Missiles
 d - 5 boomerangs of dispersal (quivered)
 e - 5 curare-tipped darts
 i - 25 arrows
 k - 163 stones
 s - a silver boomerang
 u - 3 boomerangs
 D - 2 throwing nets
 H - 3 atropa-tipped darts
Armour
 b - a +0 troll leather armour (worn)
 n - an orb of guile
 q - a +0 pair of boots (worn)
 x - a +0 cloak (worn)
Magical Staves
 j - a staff of air
Jewellery
 m - the amulet of Fun (around neck) {Reflect rC+ Str+4 SH+5 Stlth+}
   (You found it on level 2 of the Dungeon)

   [amulet of reflection]

   It reflects blocked missile attacks.
   Str:       It affects your strength (+4).
   rC:        It protects you from cold.
   SH:        It affects your SH (+5).
   Stlth:     It makes you more stealthy.
Scrolls
 c - 2 scrolls of blinking
 f - a scroll of torment {unknown}
 g - a scroll of brand weapon {unknown}
 h - a scroll of vulnerability {unknown}
 p - 4 scrolls of summoning {unknown}
 r - 2 scrolls of fog {unknown}
 y - 2 scrolls of teleportation {unknown}
 z - 6 scrolls of identify {unknown}
 C - a scroll of magic mapping {unknown}
 E - a scroll of fear {unknown}
 F - a scroll of enchant weapon {unknown}
 G - a scroll of amnesia {unknown}
Potions
 l - a potion of heal wounds {unknown}
 o - a potion of magic {unknown}
 t - a potion of degeneration {unknown}
 v - a potion of cancellation {unknown}
 A - a potion of brilliance {unknown}
 B - a potion of might {unknown}


   Skills:
 + Level 5.3 Fighting
 + Level 2.5 Short Blades
 + Level 2.5 Long Blades
 + Level 2.5 Axes
 + Level 2.5 Maces & Flails
 + Level 5.3 Polearms
 + Level 2.5 Staves
 + Level 2.5 Slings
 + Level 2.5 Bows
 + Level 2.5 Crossbows
 + Level 3.7 Throwing
 + Level 3.7 Armour
 + Level 5.3 Dodging
 + Level 2.5 Stealth
 + Level 2.5 Shields
 + Level 2.5 Unarmed Combat
 + Level 5.6 Spellcasting
 + Level 2.1 Conjurations
 + Level 2.1 Hexes
 + Level 2.1 Summonings
 + Level 2.1 Necromancy
 + Level 5.8 Translocations
 + Level 2.1 Transmutations
 + Level 2.1 Fire Magic
 + Level 2.1 Ice Magic
 + Level 2.1 Air Magic
 + Level 2.1 Earth Magic
 + Level 2.1 Poison Magic
 + Level 2.8 Invocations
 + Level 2.5 Evocations


You had 13 spell levels left.
You knew the following spells:

 Your Spells              Type           Power      Damage    Failure   Level
a - Blink                 Tloc           34%        N/A       3%          2
b - Wereblood             Tmut           8%         N/A       14%         2

Your spell library contained the following spells:

 Spells                   Type           Power      Damage    Failure   Level
 Gell's Gravitas          Tloc           17%        N/A       6%          3
 Lesser Beckoning         Tloc           17%        N/A       6%          3
 Teleport Other           Tloc           17%        N/A       6%          3
 Sublimation of Blood     Necr           8%         N/A       14%         2
 Manifold Assault         Tloc           17%        N/A       50%         5
 Summon Hydra             Summ           4%         N/A       100%        7


Dungeon Overview and Level Annotations

Branches:
Dungeon (7/15)
 Temple: D:4-7

Altars:
Wu Jian
Zin
The Shining One

Annotations:
D:2 Sigmund
D:4 1 runed translucent door, 1 exclusion


Innate Abilities, Weirdness & Mutations

You have very sharp teeth.
Your uncanny sense of smell can sniff out nearby items.
Your experience applies equally to all skills.


Message History

You are too injured to fight recklessly!
Reach: a) +0 spear
Press: ? - help, Dir - move target, f - you That would be overly suicidal.
Okay, then.
Reach: a) +0 spear
Press: ? - help, Dir - move target You hit something.
Something hits you but does no damage.
Reach: a) +0 spear
Press: ? - help, Dir - move target You swing at nothing.
Reach: a) +0 spear
Press: ? - help, Dir - move target You hit something but do no damage.
Something hits you!
* * * LOW HITPOINT WARNING * * *
Reach: a) +0 spear
Press: ? - help, Dir - move target You swing at nothing.
Reach: a) +0 spear
Press: ? - help, Dir - move target You hit something.
Something hits you.
* * * LOW HITPOINT WARNING * * *
Something hits you!
* * * LOW HITPOINT WARNING * * *
Unknown command.
Unknown command.
Reach: a) +0 spear
Press: ? - help, Dir - move target You barely miss something.
Something hits you.
* * * LOW HITPOINT WARNING * * *
Something hits you but does no damage.
Unknown command.
Okay, then.
Casting: Blink (safe; 3% risk of failure)
Confirm with . or Enter, or press ? or * to list all spells.
You blink.
Something hits you.
* * * LOW HITPOINT WARNING * * *
Something hits you but does no damage. Something hits you.
You die...

#.....#...#...#...#..##...
###...#...#.#.#...###....... #
##.....#...#.#.#...#.........
.####...##...#...#...#...##......
......######.#.#...#.#.#####.....
......# ############# #.....
##...## #...# #...>. ###..####
####...# #.....
#.......######..@...# ##.....
....................# #..[...
###....#######......### .......
###### ##.......# ∆ #####..
#.........# ##. #...######## ##
#.### ## # #.


There were no monsters in sight!

Vanquished Creatures
  A necrophage (D:5)
  An ogre (D:4)
  A centaur zombie (D:4)
  A jelly (D:3)
  A hound (D:5)
  An orc priest (D:3)
  A centaur skeleton (D:4)
  2 orc wizards (D:4)
  Natasha (thrice) (D:3)
  A hound skeleton (D:5)
  A howler monkey skeleton (D:3)
  5 adders
  An ufetubus (D:5)
  An adder skeleton (D:4)
  A worm (D:2)
  3 dart slugs
  13 orcs
  11 endoplasms
  3 giant cockroaches
  8 goblins
  8 hobgoblins
  11 jackals
  4 quokkas
  11 ball pythons
  5 bats
  3 frilled lizards
  8 kobolds
  4 rats
114 creatures vanquished.

Vanquished Creatures (others)
  6 plants
6 creatures vanquished.

Grand Total: 120 creatures vanquished

Notes
Turn   | Place    | Note
-------+----------+-------------------------------------------
     0 | D:1      | Ablot the Gnoll Warper began the quest for the Orb.
     0 | D:1      | Reached XP level 1. HP: 20/20 MP: 6/6
   141 | D:1      | Reached XP level 2. HP: 26/26 MP: 7/7
   368 | D:1      | Reached XP level 3. HP: 31/31 MP: 9/9
   371 | D:1      | Learned a level 2 spell: Blink
   437 | D:1      | Reached skill level 5 in Spellcasting
   770 | D:2      | Identified the amulet of Fun {Reflect rC+ Str+4 SH+5
                  | Stlth+}
   946 | D:2      | Reached skill level 1 in Invocations
  1108 | D:2      | Noticed Sigmund
  1293 | D:2      | Reached skill level 1 in Short Blades
  1293 | D:2      | Reached skill level 1 in Long Blades
  1293 | D:2      | Reached skill level 1 in Axes
  1293 | D:2      | Reached skill level 1 in Maces & Flails
  1293 | D:2      | Reached skill level 1 in Staves
  1293 | D:2      | Reached skill level 1 in Slings
  1293 | D:2      | Reached skill level 1 in Bows
  1293 | D:2      | Reached skill level 1 in Crossbows
  1293 | D:2      | Reached skill level 1 in Stealth
  1293 | D:2      | Reached skill level 1 in Shields
  1293 | D:2      | Reached skill level 1 in Unarmed Combat
  1293 | D:2      | Reached skill level 1 in Evocations
  1757 | D:3      | Reached XP level 4. HP: 38/38 MP: 11/11
  2119 | D:3      | Found an ornate altar of the Wu Jian Council.
  2126 | D:3      | Reached skill level 1 in Conjurations
  2126 | D:3      | Reached skill level 1 in Hexes
  2126 | D:3      | Reached skill level 1 in Summonings
  2126 | D:3      | Reached skill level 1 in Necromancy
  2126 | D:3      | Reached skill level 1 in Transmutations
  2126 | D:3      | Reached skill level 1 in Fire Magic
  2126 | D:3      | Reached skill level 1 in Ice Magic
  2126 | D:3      | Reached skill level 1 in Air Magic
  2126 | D:3      | Reached skill level 1 in Earth Magic
  2126 | D:3      | Reached skill level 1 in Poison Magic
  2163 | D:3      | Reached XP level 5. HP: 41/43 MP: 12/12
  2177 | D:3      | Found a faded altar of an unknown god.
  2198 | D:3      | Found a glowing golden altar of the Shining One.
  2221 | D:3      | Noticed Natasha
  2241 | D:3      | Killed Natasha
  2354 | D:3      | Noticed Natasha
  2361 | D:3      | Killed Natasha
  2397 | D:3      | Found a faded altar of an unknown god.
  2551 | D:3      | Noticed Natasha
  2558 | D:3      | Killed Natasha
  2559 | D:3      | Reached XP level 6. HP: 43/50 MP: 13/13
  2857 | D:4      | Reached skill level 5 in Fighting
  2857 | D:4      | Reached skill level 5 in Polearms
  2857 | D:4      | Reached skill level 5 in Dodging
  2896 | D:4      | Learned a level 2 spell: Wereblood
  3027 | D:4      | Reached XP level 7. HP: 33/56 MP: 15/15
  3158 | D:4      | Found a runed translucent door.
  3296 | D:4      | Found a glowing silver altar of Zin.
  3320 | D:4      | You fall into a shaft and drop 3 floors!
  3391 | D:5      | Entered Level 5 of the Dungeon
  4361 | D:5      | HP: 1/55 [something (3)]
  4364 | D:5      | Slain by an unseen horror

Illustrated notes

Levels and vault maps discovered:
D:1:      dpeg_arrival_three_bigger_balls, layout_loops_ring,
          minmay_tetromino_s4
D:2:      layout_basic, minmay_hedge_maze, hex_medium,
          kennysheep_generic_room_3, uniq_sigmund
D:3:      layout_loops_ring, nicolae_overflow_ecumenical_swirl,
          nicolae_overflow_crystal_walls, shapermc_ecumenical_altar_hornbeckon,
          uniq_natasha
D:4:      layout_cave_pools, mainiacjoe_overflow_catwalk, serial_column_ruins,
          column_ruins_corridor_plus, column_ruins_open_tiny_water,
          column_ruins_columns_corner, st_stairs_5, chequers_big_river,
          serial_bayou_pond_a, kennysheep_minor_cross, uniq_crazy_yiuf_cottage
D:5:      layout_layer_cave, minmay_misc_feat_alley, kennysheep_flooded_box
D:6:      layout_rooms, fedhas_ov_isle_minmay, nicolae_overflow_hidden_temple,
          minmay_temple_entry_butterflies
D:7:      layout_basic, serial_shops, nicolae_shop_overgrown_old_shop

Skill      XL: |  1  2  3  4  5  6  7 |
---------------+----------------------+-----
Spellcasting   | 5 |  5.6
Invocations    | 1 2 |  2.8
Short Blades   | 1 2 |  2.5
Long Blades    | 1 2 |  2.5
Axes           | 1 2 |  2.5
Maces & Flails | 1 2 |  2.5
Staves         | 1 2 |  2.5
Slings         | 1 2 |  2.5
Bows           | 1 2 |  2.5
Crossbows      | 1 2 |  2.5
Stealth        | 1 2 |  2.5
Shields        | 1 2 |  2.5
Unarmed Combat | 1 2 |  2.5
Evocations     | 1 2 |  2.5
Conjurations   | 1 2 |  2.1
Hexes          | 1 2 |  2.1
Summonings     | 1 2 |  2.1
Necromancy     | 1 2 |  2.1
Transmutations | 1 2 |  2.1
Fire Magic     | 1 2 |  2.1
Ice Magic      | 1 2 |  2.1
Air Magic      | 1 2 |  2.1
Earth Magic    | 1 2 |  2.1
Poison Magic   | 1 2 |  2.1
Throwing       | 3 |  3.7
Armour         | 3 |  3.7
Fighting       | 5 |  5.3
Polearms       | 5 |  5.3
Dodging        | 5 |  5.3
Translocations | |  5.8

Action                   |  1- 3 |  4- 6 |  7- 9 || total
-------------------------+-------+-------+-------++-------
Melee: Spear             |   145 |   275 |   121 ||   541
       Punch             |     3 |     4 |     5 ||    12
       Bite              |     5 |    16 |    12 ||    33
       Mace              |       |       |    22 ||    22
 Cast: Blink             |       |     1 |     1 ||     2
 Stab: Sleeping          |    10 |    11 |     3 ||    24
       Distracted        |     1 |       |       ||     1
Armor: Leather armour    |     2 |       |       ||     2
       Troll leather arm |    14 |    85 |    40 ||   139
Dodge: Dodged            |    41 |   155 |    72 ||   268
Block: Other             |    12 |    46 |    31 ||    89
       Reflection        |       |       |     2 ||     2
